 Dungeon Crawl Stone Soup version 0.28.0-43-g3370ac3207 (webtiles) character file.

Game seed: 17434458397540652592

44 pkoi the Insei (level 3, -2/33 HPs)
             Began as a Draconian Monk on Mar 11, 2022.
             Killed by divine providence
             ... invoked by an orc priest
              (15 damage)
             ... on level 2 of the Dungeon.
             The game lasted 00:01:08 (1408 turns).

pkoi the Insei (Draconian Monk)                     Turns: 1408, Time: 00:01:08

Health: -2/33      AC:  5    Str: 13    XL:     3   Next: 39%
Magic:  3/3        EV: 13    Int: 12    God:
Gold:   61         SH:  0    Dex: 13    Spells: 2/2 levels left

rFire   . . .      SeeInvis .     - Unarmed
rCold   . . .      Faith    .   (no shield)
rNeg    . . .      Spirit   .   (armour unavailable)
rPois   .          Reflect  .   (helmet restricted)
rElec   .          Harm     .   (no cloak)
rCorr   .          Rampage  .   (no gloves)
Will    .....                   (no boots)
Stlth   ++........              (no amulet)
HPRegen 0.11/turn               (no ring)
MPRegen 0.08/turn               (no ring)

@: no status effects
A: AC +5, unfitting armour, cold-blooded
a: no special abilities


You were on level 2 of the Dungeon.
You visited 1 branch of the dungeon, and saw 2 of its levels.

You collected 61 gold pieces.

Inventory:

Scrolls
 a - a scroll of noise {unknown}
 b - a scroll of fear {unknown}
 d - a scroll of immolation {unknown}


   Skills:
 + Level 3.7 Fighting
 + Level 3.1 Dodging
 - Level 1.7 Stealth
 * Level 3.8 Unarmed Combat


You had 2 spell levels left.
You didn't know any spells.
Your spell library was empty.

Dungeon Overview and Level Annotations

Branches:
Dungeon (2/15)

Altars:

Annotations:
D:2 Sigmund


Innate Abilities, Weirdness & Mutations

Your plain brown scales are hard. (AC +5)
You cannot fit into any form of body armour.
You are cold-blooded and may be slowed by cold attacks.


Message History

The orc wizard is severely wounded.
The orc wizard misses you.
Unknown command.
It was a potion of heal wounds.
You feel much better.
The orc priest casts a cantrip, but nothing happens.
The orc wizard barely misses you.
You closely miss the orc wizard.
The orc wizard is severely wounded.
The orc wizard barely misses you.
You hit the orc wizard but do no damage.
The orc wizard is severely wounded.
The orc wizard closely misses you.
You closely miss the orc wizard.
Your tail-slap misses the orc wizard.
The orc wizard is severely wounded.
The orc priest calls down the wrath of Beogh upon you.
Beogh smites you!
* * * LOW HITPOINT WARNING * * *
The orc wizard hits you but does no damage.
You hit the orc wizard.
The orc wizard is almost dead.
The orc priest calls down the wrath of Beogh upon you.
Beogh smites you!
* * * LOW HITPOINT WARNING * * *
The orc wizard hits you but does no damage.
You barely miss the orc wizard.
The orc wizard is almost dead.
The orc wizard hits you with a +0 dagger.
* * * LOW HITPOINT WARNING * * *
You barely miss the orc wizard.
The orc wizard is almost dead.
You miss the orc wizard.
The orc wizard is almost dead.
The orc wizard hits you but does no damage.
The orc priest begins to cast a cantrip, but forgets the words!
Unknown command.
You hit the orc wizard.
You kill the orc wizard!
The orc priest calls down the wrath of Beogh upon you.
Beogh smites you!
You die...

#.##(# #.###.# #..... ..##
####.## ...# ....... o..#
..##.###### oo.#
........... ...# .........
...# ....... #####...#
...#.######## #.@)oo..#
............# #.####..#.
#..#.######.# #..........
#..#.######.####.#....#.##
#..#....................#
#..########.#######...#.
#..# #.# .... #..# #.# ##.
...# #.#


You could see an orc priest and an orc.

Vanquished Creatures
  An orc wizard (D:2)
  An adder (D:2)
  A worm (D:2)
  3 dart slugs (D:2)
  3 ball pythons
  2 endoplasms (D:2)
  A giant cockroach (D:2)
  3 goblins
  A hobgoblin (D:2)
  3 jackals (D:1)
  A quokka (D:2)
  2 bats (D:2)
  2 frilled lizards
  A rat (D:2)
25 creatures vanquished.

Notes
Turn   | Place    | Note
-------+----------+-------------------------------------------
     0 | D:1      | pkoi the Draconian Monk began the quest for the Orb.
     0 | D:1      | Reached XP level 1. HP: 19/19 MP: 1/1
   262 | D:1      | Reached XP level 2. HP: 20/26 MP: 2/2
   346 | D:1      | Found a faded altar of an unknown god.
   882 | D:2      | Reached XP level 3. HP: 26/33 MP: 3/3
  1158 | D:2      | Noticed Sigmund
  1408 | D:2      | Killed from afar by an orc priest

Illustrated notes

Levels and vault maps discovered:
D:1:      mrwooster_arrival_arrow, layout_loops_ring,
          ebering_ecumenical_altar_hall
D:2:      layout_basic, glass_columns_a, uniq_sigmund

Skill      XL: |  1  2 |
---------------+-------+-----
Dodging        | 3 |  3.1
Fighting       | |  3.7
Stealth        | |  1.7
Unarmed Combat | |  3.8

Action                   || total
-------------------------++-------
Melee: Unarmed           ||   105
       Punch             ||     4
       Tailslap          ||     7
  Use: Potion            ||     1
 Stab: Sleeping          ||     2
Armor: Skin              ||    32
Dodge: Dodged            ||    57
